 Dungeon Crawl Stone Soup version 0.27.0-1-g7a089689b8 (webtiles) character file.

Game seed: 10857346002932561100

425 hofbold the Ducker (level 7, 0/52 HPs)
             Began as a Djinni Monk on Aug 12, 2021.
             Slain by an orc wizard (3 damage)
             ... on level 3 of the Dungeon.
             The game lasted 00:11:53 (4516 turns).

hofbold the Ducker (Djinni Monk)                    Turns: 4516, Time: 00:11:54

Health: 0/52       AC:  2    Str: 10    XL:     7   Next: 18%
Gold:   65         EV: 14    Int: 13    God:
                   SH:  0    Dex: 16

rFire    + + +     SeeInvis .   d - +0 halberd
rCold    x . .     Faith    .   (shield currently unavailable)
rNeg     . . .     Spirit   .   b - +0 robe
rPois    ∞         Reflect  .   (no helmet)
rElec    .         Harm     .   (no cloak)
rCorr    .         Rampage  .   (no gloves)
Will     .....                  (boots unavailable)
Stlth    ++........             f - amulet of regeneration
HPRegen  1.17/turn              l - ring of protection from fire
MPRegen  0.00/turn              (no ring)

@: flying
A: sickness immunity, fire resistance 2, cold vulnerability 1, float, innate
caster, hp casting, extra vitality 1
a: no special abilities


You were on level 3 of the Dungeon.
You visited 1 branch of the dungeon, and saw 4 of its levels.

You collected 160 gold pieces.
You spent 95 gold pieces at shops.

Inventory:

Hand Weapons
 a - a +1 spear
 d - a +0 halberd (weapon)
 q - a +0 trident
Missiles
 c - 206 stones (quivered)
Armour
 b - a +0 robe (worn)
 o - a +0 ring mail
Jewellery
 f - an amulet of regeneration (around neck)
 l - a ring of protection from fire (left hand)
 s - a ring of fire
Wands
 n - a wand of iceblast (10)
Scrolls
 k - a scroll of teleportation
 m - a scroll of vulnerability {unknown}
Potions
 e - a potion of mutation {unknown}
 g - 3 potions of heal wounds
 h - 2 potions of haste {unknown}
 i - a potion of invisibility {unknown}
 j - a potion of berserk rage {unknown}
 p - a potion of lignification {unknown}
 r - a potion of might {unknown}


   Skills:
 + Level 4.0 Fighting
 + Level 3.3 Polearms
 + Level 2.5 Armour
 + Level 4.3 Dodging
 - Level 1.5 Stealth
 * Level 2.6 Spellcasting
 + Level 1.3 Evocations


You had 5 spell levels left.
You knew the following spells:

 Your Spells              Type           Power      Damage    Failure   Level
a - Animate Skeleton      Necr           16%        N/A       8%          1
b - Slow                  Hex            8%         N/A       12%         2
c - Portal Projectile     Hex/Tloc       16%        N/A       24%         3
Your spell library was empty.

Dungeon Overview and Level Annotations

Branches:
Dungeon (4/15)
 Temple: D:4-7

Altars:
Elyvilon
Trog
Uskayaw
Vehumet
The Shining One

Shops:
D:3 [   D:4 **

Annotations:
D:3 1 runed translucent door, tygarin's ghost, amateur DjFi
D:4 3 runed translucent doors, happy's ghost, amateur OpAM


Innate Abilities, Weirdness & Mutations

You are immune to sickness and miasma.
You are immune to poison.
Your flesh is very heat resistant. (rF++)
You are vulnerable to cold. (rC-)
You float through the air rather than walking.
You learn spells naturally, not from books.
Your magical power is your life essence.
You have superior vitality. (+4 HP)


Message History

The orc hits you but does no damage. Something hits you. The orc misses you.
You hear some strange, mumbled words.
A magic dart appears from out of thin air!
The magic dart hits you. The orc wizard misses you. The orc closely misses you.
Something hits you.
The orc wizard hits you with a +2 dagger of holy wrath.
You hit something.
Reactivating autopickup.
You feel a bit more experienced. The orc hits you with a +0 club.
The orc wizard hits you with a +2 dagger of holy wrath.
The orc completely misses you. The orc wizard misses you.
The orc hits you with a +0 club.
You feel less confused.
You see here a hobgoblin corpse.
The orc wizard hits you with a +2 dagger of holy wrath.
The orc hits you with a +0 club.
Things that are here:
a +0 dagger; a +0 robe; an orc corpse The orc hits you with a +0 club.
The endoplasm freezes you.
You are frozen.
You feel a terrible chill!
There is a stone staircase leading up here.
The orc wizard casts a spell.
The orc wizard flickers and vanishes!
Deactivating autopickup; reactivate with Ctrl-A.
The orc throws a stone.
The stone hits you.
You fly upwards.
Level annotation: 1 runed translucent door, tygarin's ghost, amateur DjFi Reactivating autopickup.
The ogre shouts!
There is a stone staircase leading down here.
You slash the ogre!
The ogre is heavily wounded.
Something hits you.
Deactivating autopickup; reactivate with Ctrl-A.
The ogre hits you with a +0 giant spiked club!!
* * * LOW HITPOINT WARNING * * *
Something hits you.
You die...

#...# ##...##.....#.###### ##
##### ##..########.o....# .#
#.........######.# .#
#.........#....#o# .#
#.........#....#.## .#
#.[.......#..#..... .#
#######.........#....#.## .#
#...............#....#.#
.########......O@.......#.o#.#.#
#.......................#....#.#
#.######.######.........#..#o#.#
#.#....#.# #####'########......#
#)#.##.#.# #.....# #.##.####
.....#.#.# #.##### #..<.....
#.####.#.# #.# ##########
.......#'###.# #.....#
#.####.......###########.###.#


You could see an ogre.

Vanquished Creatures
  An ogre (D:4)
  A scorpion (D:4)
  An orc priest (D:4)
  Jessica (D:2)
  An iguana (D:4)
  An orc wizard (D:4)
  4 gnolls
  3 adders
  2 adder skeletons (D:4)
  2 worms
  A dart slug (D:1)
  5 orcs
  8 ball pythons
  4 endoplasms
  5 giant cockroaches
  7 goblins
  13 hobgoblins
  11 jackals
  9 kobolds
  3 quokkas
  4 bats
  2 frilled lizards (D:1)
  8 rats
97 creatures vanquished.

Vanquished Creatures (collateral kills)
  A giant cockroach (D:2)
  2 jackals
  A quokka (D:2)
4 creatures vanquished.

Vanquished Creatures (others)
  12 plants (D:1)
12 creatures vanquished.

Grand Total: 113 creatures vanquished

Notes
Turn   | Place    | Note
-------+----------+-------------------------------------------
     0 | D:1      | hofbold the Djinni Monk began the quest for the Orb.
     0 | D:1      | Reached XP level 1. HP: 20/20 MP: 0/0
   142 | D:1      | Reached XP level 2. HP: 25/25 MP: 0/0
   432 | D:2      | HP: 1/25 [rat (2)]
   502 | D:1      | Reached XP level 3. HP: 21/30 MP: 0/0
   502 | D:1      | Learned a level 1 spell: Animate Skeleton
   526 | D:1      | Reached skill level 1 in Spellcasting
   905 | D:1      | Found a faded altar of an unknown god.
  1188 | D:2      | Noticed Jessica
  1445 | D:2      | Reached skill level 1 in Armour
  1589 | D:2      | Reached XP level 4. HP: 35/35 MP: 0/0
  2359 | D:2      | Killed Jessica
  2667 | D:2      | Identified a scroll of acquirement
  2667 | D:2      | Acquired an amulet of regeneration
  2684 | D:3      | Found Jymes's Antique Armour Shoppe.
  2725 | D:2      | Reached XP level 5. HP: 23/40 MP: 0/0
  2725 | D:2      | Learned a level 2 spell: Slow
  3128 | D:3      | Found a hide-covered altar of Uskayaw.
  3252 | D:3      | Found a bloodstained altar of Trog.
  3542 | D:3      | Noticed an ogre
  3759 | D:3      | Found a runed translucent door.
  3759 | D:3      | Noticed tygarin's ghost (amateur DjFi)
  3916 | D:4      | Found a white marble altar of Elyvilon.
  4003 | D:4      | Reached XP level 6. HP: 44/47 MP: 0/0
  4027 | D:4      | Noticed an ogre
  4044 | D:4      | Killed an ogre
  4068 | D:4      | Found a glowing golden altar of the Shining One.
  4159 | D:4      | Reached skill level 1 in Evocations
  4169 | D:4      | Found Puamoqoick's Gadget Gallery.
  4294 | D:4      | Noticed happy's ghost (amateur OpAM)
  4312 | D:4      | Found a runed translucent gate.
  4312 | D:4      | Found a runed translucent gate.
  4314 | D:4      | Found a runed translucent gate.
  4389 | D:4      | Found Fazoat's Assorted Antiques.
  4415 | D:4      | Bought a golden ring for 95 gold pieces
  4444 | D:4      | Reached XP level 7. HP: 52/52 MP: 0/0
  4444 | D:4      | Learned a level 3 spell: Portal Projectile
  4516 | D:3      | Slain by an orc wizard

Illustrated notes

Levels and vault maps discovered:
D:1:      amcnicky_arrival_feature_with_door, layout_basic,
          dilly_ecumenical_altar_fadedgnrine
D:2:      layout_rooms, uniq_jessica
D:3:      layout_basic, eat_drink_and_be_merry_uskayaw, trog_hazing_becter,
          mainiacjoe_overflow_brackets, gammafunk_ghost_grave, serial_shops,
          shop_statue, chequers_garden, minmay_close_crescents
D:4:      layout_rooms, kennysheep_mini_moat, jmf_multi_god_temple,
          gammafunk_ghost_split, serial_shops, nicolae_shop_behind_doors,
          chequers_serial_rivers_large_b, nicolae_shop_gadgets

Skill      XL: |  1  2  3  4  5  6 |
---------------+-------------------+-----
Spellcasting   | 1 2 |  2.6
Armour         | 1 2 |  2.5
Polearms       | 3 |  3.3
Dodging        | 4 |  4.3
Evocations     | 1 |  1.3
Fighting       | 4 |  4.0
Stealth        | |  1.5

Action                   |  1- 3 |  4- 6 |  7- 9 || total
-------------------------+-------+-------+-------++-------
Melee: Spear             |   162 |   230 |       ||   392
       Halberd           |       |    83 |     9 ||    92
Throw: Stone             |       |    21 |       ||    21
 Cast: Animate Skeleton  |     3 |    12 |       ||    15
       Slow              |       |     6 |       ||     6
Evoke: Wand              |       |     1 |       ||     1
  Use: Potion            |     1 |       |       ||     1
       Scroll            |       |     7 |       ||     7
 Stab: Sleeping          |     5 |     2 |       ||     7
       Distracted        |     1 |     1 |       ||     2
Armor: Robe              |    33 |    35 |     2 ||    70
Dodge: Dodged            |   132 |   237 |     7 ||   376
